 Dungeon Crawl Stone Soup version 0.29.1-15-g9cfb28693d (webtiles) character file.

Game seed: 4660940021616361383

188605 croobank the Spry (level 18, -1/141 HPs)
             Began as a Gnoll Ice Elementalist on Apr 25, 2023.
             Was the Champion of Nemelex Xobeh.
             Killed by Lee's Rapid Deconstruction
             ... invoked by Jorgrun
              (15 damage)
             ... while petrified by Jorgrun
             ... on level 1 of the Shoals on Apr 26, 2023.
             The game lasted 05:46:24 (50765 turns).

croobank the Spry (Gnoll Ice Elementalist)         Turns: 50765, Time: 05:46:25

Health: -1/141     AC: 12    Str: 16    XL:     18   Next: 10%
Magic:  9/35       EV:  2    Int: 29    God:    Nemelex Xobeh [******]
Gold:   1116       SH:  0    Dex: 16    Spells: 2/43 levels left

rFire   + . .      SeeInvis .   a - +7 whip "Burul" {speed, Str+7}
rCold   + + .      Faith    .   Y - +1 buckler
rNeg    + + +      Spirit   .   L - +1 robe {Will+}
rPois   ∞          Reflect  .   l - +1 helmet
rElec   +          Harm     .   v - scarf {rC+ rF+}
rCorr   +          Rampage  .   V - +0 pair of gloves
Will    ++...                   g - +3 pair of mountain boots {steadfast, rC+}
Stlth   +++++.....              G - amulet of Jeman {+Inv Regen+ Str+4}
HPRegen 1.13/turn               N - ring "Laesot" {rElec rCorr Str-3 Int+8 Dex+2}
MPRegen 0.24/turn               A - ring of poison resistance

@: about to teleport, petrified, studying Dodging
A: fangs 1, strong nose, distributed training
}: 1/15 runes: gossamer
a: Renounce Religion, Evoke Invisibility, Draw Escape, Draw Destruction, Draw
Summoning, Triple Draw, Deal Four, Stack Five


You were on level 1 of the Shoals.
You worshipped Nemelex Xobeh.
Nemelex Xobeh was exalted by your worship.
You visited 5 branches of the dungeon, and saw 27 of its levels.
You also visited: Sewer and Ice Cave.

You collected 3831 gold pieces.
You spent 2715 gold pieces at shops.

Inventory:

Hand Weapons
 a - the +7 whip "Burul" (weapon) {speed, Str+7}
   (You found it on level 9 of the Dungeon)

   Attacks with this weapon are significantly faster.
   Str:       It affects your strength (+7).
 f - a +2 flail of holy wrath
 u - a +6 scimitar of flaming
 J - the +6 whip "Nisec" {antimagic, rN++ Dex+10}
   (You found it on level 13 of the Dungeon)

   It reduces the magical energy of the wielder, and disrupts the spells and
   magical abilities of those it strikes.
   Natural abilities and divine invocations are not affected.
   Dex:       It affects your dexterity (+10).
   rN:        It greatly protects you from negative energy.
 W - a +3 dagger
Missiles
 m - 3 throwing nets
 X - 11 curare-tipped darts
Armour
 g - the +3 pair of mountain boots (worn) {steadfast, rC+}
   (You found it on level 4 of the Spider Nest)

   It prevents involuntary movement, except for blinking, teleportation, or
   banishment.
   rC:        It protects you from cold.
 l - a +1 helmet (worn)
 v - a scarf of resistance (worn)
 L - a +1 robe of willpower (worn)
 O - a +3 troll leather armour
 P - +0 fire dragon scales
 V - a +0 pair of gloves (worn)
 Y - a +1 buckler (worn)
Magical Staves
 D - a staff of cold
Jewellery
 c - the ring "Imeshredo" {rElec rF+ SInv Stlth+}
   (You found it on level 5 of the Lair of Beasts)

   [ring of see invisible]

   rF:        It protects you from fire.
   rElec:     It insulates you from electricity.
   SInv:      It lets you see invisible.
   Stlth:     It makes you more stealthy.
 e - the ring of the Eagle {rC+ Will+}
   (You bought it in a shop on level 12 of the Dungeon)

   [ring of protection from cold]

   rC:        It protects you from cold.
   Will:      It increases your willpower.
 j - a ring of positive energy
 p - a +4 ring of evasion
 A - a ring of poison resistance (right hand)
 G - the amulet of Jeman (around neck) {+Inv Regen+ Str+4}
   (You bought it in a shop on level 12 of the Dungeon)

   [amulet of regeneration]

   Str:       It affects your strength (+4).
   +Inv:      It lets you turn invisible.
   Regen:     It increases your rate of health regeneration.
 N - the ring "Laesot" (left hand) {rElec rCorr Str-3 Int+8 Dex+2}
   (You took it off an orc priest on level 8 of the Dungeon)

   [ring of resist corrosion]

   Str:       It affects your strength (-3).
   Int:       It affects your intelligence (+8).
   Dex:       It affects your dexterity (+2).
   rElec:     It insulates you from electricity.
   rCorr:     It protects you from acid and corrosion.
 Q - a ring of ice
Wands
 b - a wand of mindburst (19)
 s - a wand of digging (18)
 F - a wand of flame (48)
 I - a wand of acid (8)
 T - a wand of roots (4)
Scrolls
 i - a scroll of enchant weapon
 k - 13 scrolls of teleportation
 o - 6 scrolls of blinking
 t - 3 scrolls of torment
 y - 4 scrolls of magic mapping
 B - 9 scrolls of vulnerability
 K - 15 scrolls of identify
 S - 6 scrolls of amnesia
 Z - 4 scrolls of fog
Potions
 d - 2 potions of magic
 h - 6 potions of haste
 n - 2 potions of resistance
 q - a potion of cancellation
 r - 4 potions of ambrosia
 w - 2 potions of lignification
 C - a potion of curing
 E - 3 potions of brilliance
 H - a potion of flight
 M - 6 potions of invisibility
 R - 8 potions of mutation
 U - 3 potions of attraction
Miscellaneous
 x - a phantom mirror


   Skills:
 + Level 12.5 Fighting
 + Level 12.5 Short Blades
 + Level 12.5 Long Blades
 + Level 12.5 Axes
 + Level 12.5 Maces & Flails
 + Level 12.5 Polearms
 + Level 12.5 Staves
 + Level 12.5 Ranged Weapons
 + Level 12.5 Throwing
 + Level 12.5 Armour
 + Level 15.8 Dodging
 + Level 13.2 Stealth
 + Level 12.5 Shields
 + Level 12.5 Unarmed Combat
 + Level 13.4 Spellcasting
 + Level 10.6 Conjurations
 + Level 10.6 Hexes
 + Level 10.6 Summonings
 + Level 10.6 Necromancy
 + Level 10.6 Translocations
 + Level 10.6 Transmutations
 + Level 10.6 Fire Magic
 + Level 12.7 Ice Magic
 + Level 10.6 Air Magic
 + Level 10.6 Earth Magic
 + Level 10.6 Poison Magic
 + Level 13.6 Invocations
 + Level 12.5 Evocations


You had 2 spell levels left.
You knew the following spells:

 Your Spells              Type           Power      Damage    Failure   Level
a - Freeze                Ice            100%       1d11      0%          1
b - Frozen Ramparts       Ice            100%       1d16      1%          3
c - Ozocubu's Armour      Ice            75%        N/A       1%          3
e - Wereblood             Tmut           69%        N/A       1%          2
f - Hailstorm             Conj/Ice       72%        3d15      1%          4
g - Dispel Undead         Necr           69%        3d23      1%          4
h - Borgnjor's Vile Clut  Necr/Erth      34%        N/A       1%          5
i - Mephitic Cloud        Conj/Pois/Air  69%        N/A       1%          3
j - Freezing Cloud        Conj/Ice/Air   35%        6-21      1%          5
k - Simulacrum            Ice/Necr       36%        N/A       3%          6
l - Summon Forest         Summ/Tloc      34%        N/A       1%          5

Your spell library contained the following spells:

 Spells                   Type           Power      Damage    Failure   Level
 Apportation              Tloc           100%       N/A       1%          1
 Beastly Appendage        Tmut           100%       N/A       1%          1
 Magic Dart               Conj           100%       1d8       1%          1
 Necrotise                Necr           100%       1d9       1%          1
 Slow                     Hex            100%       N/A       1%          1
 Summon Small Mammal      Summ           100%       N/A       1%          1
 Searing Ray              Conj           100%       2d8       1%          2
 Confusing Touch          Hex            69%        N/A       1%          3
 Gell's Gravitas          Tloc           69%        N/A       1%          3
 Ignite Poison            Fire/Tmut/Pois 69%        N/A       1%          3
 Lesser Beckoning         Tloc           69%        N/A       1%          3
 Spider Form              Tmut/Pois      69%        N/A       1%          3
 Stone Arrow              Conj/Erth      100%       3d13      1%          3
 Teleport Other           Tloc           69%        N/A       1%          3
 Vampiric Draining        Necr           69%        2d10      1%          3
 Animate Armour           Summ/Erth      100%       N/A       1%          4
 Corpse Rot               Necr/Pois/Air  69%        N/A       1%          4
 Fulminant Prism          Conj/Hex       34%        3d16      1%          4
 Ice Form                 Ice/Tmut       72%        N/A       1%          4
 Passage of Golubria      Tloc           69%        N/A       1%          4
 Alistair's Intoxication  Tmut/Pois      46%        N/A       1%          5
 Metabolic Englaciation   Hex/Ice        36%        N/A       1%          5
 Silence                  Hex/Air        34%        N/A       1%          5
 Summon Mana Viper        Hex/Summ       69%        N/A       1%          5
 Death Channel            Necr           34%        N/A       6%          6
 Eringya's Noxious Bog    Tmut/Pois      34%        N/A       6%          6
 Summon Cactus Giant      Summ           34%        N/A       6%          6
 Lehudib's Crystal Spear  Conj/Erth      34%        10d9      94%         8


Dungeon Overview and Level Annotations

Branches:
Dungeon (15/15)            Temple (0/1) D:6            Lair (5/5) D:8
 Shoals (1/4) Lair:2       Spider (4/4) Lair:2        Slime (0/5) Lair:4
    Orc (2/2) D:12            Elf (0/3) Orc:2        Vaults (0/5) D:13
 Depths (0/4) D:15          Sewer (visited)           IceCv (visited)

Altars:
Gozag
Makhleb
Nemelex Xobeh
Ru
Jiyva

Shops:
D:9 *   D:10 ?   D:12 =   Orc:2 :*([   Shoals:1 (

Annotations:
Lair:2 2 transporters, Jase's ghost, journeyman VSBr
Lair:5 1 runed translucent door, Andrakon's ghost, journeyman MiFi
Shoals:1 Jorgrun


Innate Abilities, Weirdness & Mutations

You have very sharp teeth.
Your uncanny sense of smell can sniff out nearby items.
Your experience applies equally to all skills.


Message History

Casting: Borgnjor's Vile Clutch (mildly dangerous; 1% risk of failure)
Confirm with . or Enter, or press ? or * to list all spells.
A film of ice covers your body!
Space becomes stable.
Jorgrun is no longer covered in acid.
Your dryad disappears in a puff of smoke!
Your snaplasher vine loses its grip on the merfolk siren.
The vines fall limply to the ground.
The manticore misses you. You block the manticore's attack.
The manticore misses you.
The merfolk siren chants a haunting song.
You easily resist.
Jorgrun points at you and mumbles some strange words.
The iron shot hits you!!
* * * LOW HITPOINT WARNING * * *
The grasping roots constrict you.
Blink to where?
Press: ? - help, Dir - move target, p - Jorgrun Your icy armour will break if you move.
Continue?
You escape the roots grasp.
Your icy armour cracks and falls away as you move.
As you read the scroll of blinking, it crumbles to dust.
You draw a card...
You have drawn Exile.
The merfolk siren is devoured by a tear in reality.
Jorgrun gestures at you while chanting.
You are slowing down.
Blink to where?
Press: ? - help, Dir - move target
As you read the scroll of blinking, it crumbles to dust.
Your limbs are stiffening.
Okay, then.
As you read the scroll of teleportation, it crumbles to dust.
You feel strangely unstable.
The manticore flicks its tail.
You block the volley of spikes.
Jorgrun casts a spell next to the manticore.
Some rock shatters into small pieces.
You have turned to stone.
Jorgrun gestures at you while chanting.
You shatter!!
You die...
Your body glows with a rainbow of weird colours and disappears.

..~~~~~~..##.≈≈≈≈~..~≈~# #.~~~
....~.......~~≈≈≈~~~≈≈.# #.~~~
..........~~~~~≈≈~~~≈≈≈###.~~P
...?$.....~≈~~....~≈~~.....~~~
...........≈~....~.~~~...~~~~~
8.8.............~~~...~~~~~~~≈
.⌠...~.§§g!.>.~..~~~.~~~~~~~~~
∩~8..~[§.§....~..~~~~~~~~~~~~†
^⌠.........H[@~.~~~~~~~~~~~≈~~
8.8........[........~~~~~~~≈~~
...................~.~.#.~~~~~
..[.......#.....≈~~~..##..~~~~
...............~≈≈~≈≈~....~~~~
............~≈≈≈≈≈.....~~~~
###>.....~≈≈≈≈≈.......~~~
......~≈≈≈≈≈≈........~.
...♣.~~≈≈≈≈≈≈..♣###....


You could see Jorgrun and a manticore.

Vanquished Creatures
  Kirke (Spider:4)
  6 emperor scorpions
  6 ghost moths
  3 broodmothers (Spider:4)
  A very ugly thing (IceCv)
  Azrael (D:14)
  A spark wasp (Spider:2)
  3 entropy weavers (Spider:4)
  A fire dragon (Lair:5)
  2 hydras
  7 boulder beetles
  4 two-headed ogres
  3 centaur warriors
  A tengu warrior (D:13)
  2 radroaches (Spider:4)
  An alligator (Spider:3)
  Urug (D:12)
  An orc high priest (Orc:2)
  6 pharaoh ants
  Sonja (Orc:2)
  5 skeletal warriors (D:13)
  7 steelbarb worms
  A deep troll (D:12)
  8 orb spiders
  4 orc knights
  A wizard (D:14)
  A wolf spider zombie (D:15)
  2 necromancers
  A deep elf zephyrmancer (D:13)
  7 wolf spiders
  A lindwurm (Lair:5)
  A deep elf pyromancer (D:15)
  5 ugly things
  4 fauns (Shoals:1)
  5 orc sorcerers
  2 mana vipers
  3 cyclopes
  4 manticores
  3 moths of wrath
  6 black mambas
  16 elephants
  A guardian serpent (Spider:3)
  Joseph (D:7)
  3 torpor snails
  2 molten gargoyles (Lair:5)
  8 cane toads
  3 kobold demonologists
  4 rime drakes
  6 demonic crawlers
  2 centaur skeletons (D:15)
  2 unseen horrors
  7 komodo dragons
  An efreet (D:14)
  An anaconda simulacrum (IceCv)
  2 golden dragon simulacra (IceCv)
  8 trolls
  2 merfolk (Shoals:1)
  23 tarantellas
  5 meliai
  A polar bear (Lair:4)
  5 dream sheep
  12 blink frogs
  A snapping turtle (Lair:2)
  27 slime creatures
  27 jumping spiders
  21 culicivoras
  3 wyverns
  A centaur simulacrum (D:15)
  2 basilisks
  A dire elephant simulacrum (IceCv)
  3 wraiths
  2 fire elementals (D:14)
  2 steam dragons
  23 yaks
  A hog (Spider:4)
  14 vampire mosquitoes
  36 redbacks
  7 wargs
  2 acid dragons
  A hydra simulacrum (IceCv)
  10 hell hounds
  A harpy simulacrum (IceCv)
  13 water moccasins
  Duvessa (D:7)
  29 orc warriors
  A sky beast (D:6)
  19 wolves
  An alligator simulacrum (IceCv)
  9 ogres
  7 centaurs
  5 kobold brigands
  8 bullfrogs
  2 scorpions
  6 wights
  Dowan (D:7)
  A lindwurm simulacrum (IceCv)
  21 killer bees
  5 howler monkeys
  5 electric eels
  3 jellies
  5 lava snakes (Lair:5)
  6 hounds
  21 orc priests
  A gnoll bouda (D:6)
  2 iguanas
  18 orc wizards
  3 polar bear simulacra (Lair:2)
  4 hell rats (Lair:4)
  2 yak simulacra (Lair:2)
  A wolf simulacrum (Lair:2)
  A boggart simulacrum (D:14)
  10 adders
  A shadow imp (D:5)
  3 ufetubi
  2 worms (D:2)
  4 dart slugs
  62 orcs
  16 ball pythons
  6 bats
  10 endoplasms
  15 giant cockroaches
  9 goblins
  5 hobgoblins
  10 jackals
  24 quokkas
  13 frilled lizards
  9 kobolds
  2 rats
  5 river rat simulacra (Lair:2)
830 creatures vanquished.

Vanquished Creatures (collateral kills)
  Bai Suzhen (Spider:4)
  2 emperor scorpions
  A ghost moth (Spider:4)
  An orc warlord (Orc:2)
  A broodmother (Spider:4)
  3 entropy weavers (Spider:4)
  A spark wasp (Spider:3)
  A hydra (D:12)
  A jorogumo (Spider:4)
  A boulder beetle (Spider:1)
  2 catoblepae
  A two-headed ogre (D:12)
  4 radroaches
  The ghost of Taurus the Cleaver, a novice MiFi of the Shining One (D:7)
  Amaemon (Lair:3)
  A sun moth (Spider:4)
  3 orb spiders (Spider:4)
  2 pharaoh ants (Spider:4)
  2 steelbarb worms (Spider:4)
  2 ugly things
  12 wolf spiders
  A cyclops (D:12)
  A moth of wrath (Spider:3)
  A manticore (D:11)
  6 elephants
  An orange demon (Lair:3)
  A cane toad (Lair:1)
  2 torpor snails (Spider:4)
  2 komodo dragons (Lair:5)
  4 demonic crawlers
  3 meliai
  9 dream sheep
  13 tarantellas (Spider:4)
  A slime creature (D:12)
  A snapping turtle (Shoals:1)
  7 jumping spiders
  6 culicivoras
  A wyvern (Lair:3)
  A shadow (D:12)
  4 hogs (Spider:4)
  3 basilisks
  13 redbacks
  A warg (Orc:2)
  3 water moccasins
  6 orc warriors
  A wight (D:5)
  4 killer bees (D:8)
  A hound (D:8)
  3 orc priests (Orc:2)
  3 orc wizards (Orc:2)
  An adder (D:5)
  6 orcs
  A plant (Lair:4)
155 creatures vanquished.

Vanquished Creatures (others)
  A komodo dragon (Lair:5)
  A human (Spider:4)
  An ogre (Orc:1)
  A kobold (D:10)
  41 fungi
  58 plants
  15 snaplasher vines (Spider:4)
118 creatures vanquished.

Grand Total: 1103 creatures vanquished

Notes
Turn   | Place    | Note
-------+----------+-------------------------------------------
     0 | D:1      | croobank the Gnoll Ice Elementalist began the quest for the
                  | Orb.
     0 | D:1      | Reached XP level 1. HP: 13/13 MP: 6/6
    56 | D:1      | Reached XP level 2. HP: 16/19 MP: 1/7
   344 | D:1      | Found a faded altar of an unknown god.
   357 | D:1      | Prayed at the altar of an unknown god.
   357 | D:1      | Became a worshipper of Nemelex Xobeh the Trickster
   357 | D:1      | Reached * piety under Nemelex Xobeh
   566 | D:1      | Received a gift from Nemelex Xobeh
   682 | D:1      | Reached skill level 5 in Spellcasting
   682 | D:1      | Reached XP level 3. HP: 25/25 MP: 6/9
   864 | D:1      | Learned a level 3 spell: Frozen Ramparts
   891 | D:1      | Reached skill level 1 in Invocations
  1763 | D:2      | Received a gift from Nemelex Xobeh
  1801 | D:2      | Reached skill level 1 in Fighting
  1801 | D:2      | Reached skill level 1 in Short Blades
  1801 | D:2      | Reached skill level 1 in Long Blades
  1801 | D:2      | Reached skill level 1 in Axes
  1801 | D:2      | Reached skill level 1 in Maces & Flails
  1801 | D:2      | Reached skill level 1 in Polearms
  1801 | D:2      | Reached skill level 1 in Staves
  1801 | D:2      | Reached skill level 1 in Ranged Weapons
  1801 | D:2      | Reached skill level 1 in Throwing
  1801 | D:2      | Reached skill level 1 in Armour
  1801 | D:2      | Reached skill level 1 in Shields
  1801 | D:2      | Reached skill level 1 in Unarmed Combat
  1801 | D:2      | Reached skill level 1 in Evocations
  1888 | D:2      | Reached XP level 4. HP: 31/32 MP: 7/11
  1893 | D:2      | Learned a level 3 spell: Ozocubu's Armour
  2035 | D:2      | Reached skill level 1 in Conjurations
  2035 | D:2      | Reached skill level 1 in Hexes
  2035 | D:2      | Reached skill level 1 in Summonings
  2035 | D:2      | Reached skill level 1 in Necromancy
  2035 | D:2      | Reached skill level 1 in Translocations
  2035 | D:2      | Reached skill level 1 in Transmutations
  2035 | D:2      | Reached skill level 1 in Fire Magic
  2035 | D:2      | Reached skill level 1 in Air Magic
  2035 | D:2      | Reached skill level 1 in Earth Magic
  2035 | D:2      | Reached skill level 1 in Poison Magic
  2312 | D:2      | Reached ** piety under Nemelex Xobeh
  2410 | D:2      | Received a gift from Nemelex Xobeh
  2675 | D:3      | Found a glowing drain.
  2689 | D:3      | Reached XP level 5. HP: 31/37 MP: 3/12
  2734 | Sewer    | Entered a sewer
  3954 | Sewer    | Reached XP level 6. HP: 18/44 MP: 1/14
  3964 | Sewer    | Reached skill level 5 in Dodging
  4911 | D:4      | Reached XP level 7. HP: 51/51 MP: 7/15
  5411 | D:4      | Received a gift from Nemelex Xobeh
  5545 | D:4      | Found an opulent altar of Gozag.
  5775 | D:5      | Entered Level 5 of the Dungeon
  6040 | D:5      | Learned a level 1 spell: Beastly Appendage
  6360 | D:5      | Reached skill level 5 in Stealth
  6788 | D:6      | Reached XP level 8. HP: 58/58 MP: 6/16
  7017 | D:6      | Reached *** piety under Nemelex Xobeh
  7028 | D:6      | Received a gift from Nemelex Xobeh
  7160 | D:6      | Found a staircase to the Ecumenical Temple.
  7582 | D:6      | Received a gift from Nemelex Xobeh
  8190 | D:5      | Received a gift from Nemelex Xobeh
  8575 | D:5      | Learned a level 2 spell: Wereblood
  8586 | D:5      | Reached skill level 6 in Dodging
  8646 | D:7      | Noticed Joseph
  8659 | D:7      | Killed Joseph
  8660 | D:7      | Reached XP level 9. HP: 51/65 MP: 12/18
  9003 | D:7      | Reached **** piety under Nemelex Xobeh
  9211 | D:7      | Noticed Duvessa
  9219 | D:7      | Reached skill level 5 in Invocations
  9220 | D:7      | Killed Duvessa
  9235 | D:7      | Noticed Dowan
  9238 | D:7      | Killed Dowan
  9340 | D:7      | Received a gift from Nemelex Xobeh
  9476 | D:7      | Found a runed translucent gate.
  9476 | D:7      | Found a runed translucent gate.
  9477 | D:7      | Found a runed translucent gate.
  9477 | D:7      | Noticed Taurus's ghost (novice MiFi)
  9857 | D:8      | Noticed a troll
  9867 | D:8      | Killed a troll
  9886 | D:8      | Reached skill level 5 in Fighting
  9886 | D:8      | Reached skill level 5 in Short Blades
  9886 | D:8      | Reached skill level 5 in Long Blades
  9886 | D:8      | Reached skill level 5 in Axes
  9886 | D:8      | Reached skill level 5 in Maces & Flails
  9886 | D:8      | Reached skill level 5 in Polearms
  9886 | D:8      | Reached skill level 5 in Staves
  9886 | D:8      | Reached skill level 5 in Ranged Weapons
  9886 | D:8      | Reached skill level 5 in Throwing
  9886 | D:8      | Reached skill level 5 in Armour
  9886 | D:8      | Reached skill level 5 in Shields
  9886 | D:8      | Reached skill level 5 in Unarmed Combat
  9886 | D:8      | Reached skill level 5 in Evocations
  9886 | D:8      | Reached XP level 10. HP: 35/74 MP: 3/20
  9906 | D:8      | Reached skill level 7 in Dodging
 10131 | D:8      | Learned a level 4 spell: Hailstorm
 10149 | D:8      | Found a staircase to the Lair.
 10208 | D:8      | Received a gift from Nemelex Xobeh
 10279 | D:8      | Identified the ring "Laesot" {rElec rCorr Str-3 Int+8
                  | Dex+2}
 10375 | D:8      | Found a burning altar of Makhleb.
 10658 | D:8      | Received a gift from Nemelex Xobeh
 11379 | D:9      | Found Atwoagg's Changing Room.
 11392 | D:9      | Bought a potion of mutation for 104 gold pieces
 11427 | D:9      | Identified the +7 whip "Burul" {speed, Str+7}
 11450 | D:9      | Reached ***** piety under Nemelex Xobeh
 11606 | D:9      | Received a gift from Nemelex Xobeh
 12001 | D:10     | Entered Level 10 of the Dungeon
 12160 | D:10     | Found Ytypi's Magic Scroll Boutique.
 12167 | D:10     | Bought a scroll of identify for 32 gold pieces
 12167 | D:10     | Bought a scroll of blinking for 120 gold pieces
 12167 | D:10     | Bought a scroll of identify for 32 gold pieces
 12167 | D:10     | Bought a scroll of blinking for 120 gold pieces
 12167 | D:10     | Bought a scroll of identify for 32 gold pieces
 12430 | D:10     | Noticed an unseen horror
 12436 | D:10     | Killed an unseen horror
 12437 | D:10     | Reached skill level 5 in Conjurations
 12437 | D:10     | Reached skill level 5 in Hexes
 12437 | D:10     | Reached skill level 5 in Summonings
 12437 | D:10     | Reached skill level 5 in Necromancy
 12437 | D:10     | Reached skill level 5 in Translocations
 12437 | D:10     | Reached skill level 5 in Transmutations
 12437 | D:10     | Reached skill level 5 in Fire Magic
 12437 | D:10     | Reached skill level 5 in Air Magic
 12437 | D:10     | Reached skill level 5 in Earth Magic
 12437 | D:10     | Reached skill level 5 in Poison Magic
 12478 | D:10     | Noticed a kobold demonologist
 12481 | D:10     | Noticed a kobold demonologist
 12492 | D:10     | Reached XP level 11. HP: 81/81 MP: 14/22
 12718 | D:10     | Received a gift from Nemelex Xobeh
 12736 | D:10     | Noticed a two-headed ogre
 12744 | D:10     | Killed a two-headed ogre
 13004 | D:11     | Noticed a cyclops
 13007 | D:11     | Killed a cyclops
 13008 | D:11     | Reached skill level 8 in Dodging
 13356 | D:11     | Noticed a manticore
 13374 | D:11     | Killed a manticore
 13884 | D:11     | Received a gift from Nemelex Xobeh
 14253 | D:12     | Found Udoboad's Jewellery Shop.
 14258 | D:12     | Noticed a white ugly thing
 14267 | D:12     | Killed a white ugly thing
 14349 | D:12     | Noticed a cyclops
 14349 | D:12     | Noticed a two-headed ogre
 14360 | D:12     | Killed a two-headed ogre
 14361 | D:12     | Reached XP level 12. HP: 91/91 MP: 17/24
 14548 | D:12     | Noticed a boulder beetle
 14562 | D:12     | Noticed a two-headed ogre
 14564 | D:12     | a two-headed ogre changed into a deep troll
 14589 | D:12     | Killed a boulder beetle
 14754 | D:12     | Noticed a five-headed hydra
 14787 | D:12     | Killed a five-headed hydra
 15218 | D:12     | Noticed Urug
 15225 | D:12     | Killed Urug
 15232 | D:12     | Reached skill level 9 in Dodging
 15833 | D:12     | Found a staircase to the Orcish Mines.
 15855 | D:12     | Received a gift from Nemelex Xobeh
 15918 | D:12     | Found a sacrificial altar of Ru.
 16698 | D:13     | Noticed a two-headed ogre
 16699 | D:13     | Killed a two-headed ogre
 16705 | D:13     | Noticed a two-headed ogre
 16715 | D:13     | Killed a two-headed ogre
 16716 | D:13     | Reached XP level 13. HP: 90/98 MP: 11/26
 16796 | D:13     | Found a gate to the Vaults.
 17246 | D:13     | Reached skill level 10 in Ice Magic
 17579 | Lair:1   | Entered Level 1 of the Lair of Beasts
 18055 | Lair:1   | Identified the +4 robe of Valiance {Str+6 Int-3 Dex+10
                  | Slay-6}
 18145 | Lair:1   | Reached skill level 10 in Spellcasting
 18486 | Lair:1   | Received a gift from Nemelex Xobeh
 19182 | Lair:2   | Received a gift from Nemelex Xobeh
 19390 | Lair:2   | Reached skill level 10 in Dodging
 19494 | Lair:2   | Found a hole to the Spider Nest.
 19625 | Lair:2   | Received a gift from Nemelex Xobeh
 19710 | Lair:2   | Found a staircase to the Shoals.
 20158 | Lair:2   | Found a transporter.
 20161 | Lair:2   | Noticed Jase's ghost (journeyman VSBr)
 20185 | Lair:2   | Received a gift from Nemelex Xobeh
 20722 | Lair:3   | Noticed Amaemon
 20725 | Lair:3   | Received a gift from Nemelex Xobeh
 20742 | Lair:3   | Killed Amaemon
 20743 | Lair:3   | Reached skill level 10 in Stealth
 20999 | Lair:3   | Identified the +6 flail "Opnukiom" {freeze, rPois Str+4}
 21194 | Lair:3   | Reached skill level 10 in Invocations
 21194 | Lair:3   | Reached XP level 14. HP: 108/108 MP: 28/28
 21621 | Lair:4   | Received a gift from Nemelex Xobeh
 21898 | Lair:4   | Found a viscous altar of Jiyva.
 21898 | Lair:4   | Found a staircase to the Slime Pits.
 22352 | Lair:4   | Reached skill level 11 in Dodging
 22677 | Lair:4   | Received a gift from Nemelex Xobeh
 23599 | Lair:5   | Entered Level 5 of the Lair of Beasts
 23852 | Lair:5   | Received a gift from Nemelex Xobeh
 23880 | Lair:5   | Identified the -2 quarterstaff "Owinkig" {drain, Str+4}
 24019 | Lair:5   | Identified the -1 hand axe "Owkequbb" {vorpal, rF+}
 24031 | Lair:5   | Found a large runed translucent door.
 24031 | Lair:5   | Found a large runed translucent door.
 24447 | Lair:5   | Found a runed translucent door.
 24448 | Lair:5   | Noticed Andrakon's ghost (journeyman MiFi)
 24687 | Lair:5   | Received a gift from Nemelex Xobeh
 25111 | Lair:5   | Reached skill level 10 in Fighting
 25111 | Lair:5   | Reached skill level 10 in Short Blades
 25111 | Lair:5   | Reached skill level 10 in Long Blades
 25111 | Lair:5   | Reached skill level 10 in Axes
 25111 | Lair:5   | Reached skill level 10 in Maces & Flails
 25111 | Lair:5   | Reached skill level 10 in Polearms
 25111 | Lair:5   | Reached skill level 10 in Staves
 25111 | Lair:5   | Reached skill level 10 in Ranged Weapons
 25111 | Lair:5   | Reached skill level 10 in Throwing
 25111 | Lair:5   | Reached skill level 10 in Armour
 25111 | Lair:5   | Reached skill level 10 in Shields
 25111 | Lair:5   | Reached skill level 10 in Unarmed Combat
 25111 | Lair:5   | Reached skill level 10 in Evocations
 25149 | Lair:5   | Identified the ring "Imeshredo" {rElec rF+ SInv Stlth+}
 25387 | Lair:2   | Identified the +0 sling "Ceel" {freeze, rElec Will- Str-2
                  | Dex+8}
 25568 | Orc:1    | Entered Level 1 of the Orcish Mines
 25604 | D:12     | Learned a level 4 spell: Dispel Undead
 25610 | D:12     | Learned a level 5 spell: Borgnjor's Vile Clutch
 26010 | D:13     | Identified the +6 whip "Nisec" {antimagic, rN++ Dex+10}
 26288 | D:13     | Reached skill level 12 in Dodging
 26388 | D:13     | Reached XP level 15. HP: 115/115 MP: 19/30
 27043 | D:14     | Reached ****** piety under Nemelex Xobeh
 27173 | D:14     | Received a gift from Nemelex Xobeh
 27885 | D:12     | Bought the ring of the Eagle {rC+ Will+} for 601 gold
                  | pieces
 28167 | D:14     | Noticed Azrael
 28199 | D:14     | Killed Azrael
 28428 | D:14     | You fall into a shaft and drop 1 floor!
 28428 | D:15     | Entered Level 15 of the Dungeon
 28485 | D:15     | Paralysed by an orc sorcerer for 4 turns
 28676 | D:15     | Found a staircase to the Depths.
 28872 | D:15     | Received a gift from Nemelex Xobeh
 29105 | D:15     | Found a frozen archway.
 29140 | IceCv    | Entered an ice cave
 29216 | IceCv    | Found a transporter.
 29256 | IceCv    | Found a transporter.
 29684 | D:14     | Received a gift from Nemelex Xobeh
 30398 | D:14     | Learned a level 3 spell: Mephitic Cloud
 30404 | D:14     | Learned a level 5 spell: Freezing Cloud
 30411 | D:14     | Learned a level 6 spell: Simulacrum
 31039 | Orc:1    | Noticed an orc warlord
 31087 | Orc:1    | Noticed an emperor scorpion
 31087 | Orc:1    | an orc warlord changed into an emperor scorpion
 31102 | Orc:1    | Killed an emperor scorpion
 32886 | Orc:2    | Entered Level 2 of the Orcish Mines
 33175 | Orc:2    | Noticed Sonja
 33182 | Orc:2    | Killed Sonja
 33276 | Orc:2    | Received a gift from Nemelex Xobeh
 33530 | Orc:2    | Reached skill level 13 in Dodging
 35500 | Orc:2    | Noticed an orc warlord
 35517 | Orc:2    | Killed an orc warlord
 35528 | Orc:2    | Found Ozyroyme's Book Emporium.
 35649 | Orc:2    | Found Deekuvir's Antique Armour Emporium.
 35655 | Orc:2    | Found Xuary's General Store.
 35688 | Orc:2    | Bought a book of the Wilderness for 570 gold pieces
 35704 | Orc:2    | Bought a faintly humming kite shield for 266 gold pieces
 35704 | Orc:2    | Identified the +1 kite shield "Talaydd" {*Corrode Str+2
                  | Dex+3 SInv} (You bought it in a shop on level 2 of the
                  | Orcish Mines)
 35743 | Orc:2    | Found Cunliy's Antique Weapon Emporium.
 35780 | Orc:2    | Found a staircase to the Elven Halls.
 36500 | D:15     | Received a gift from Nemelex Xobeh
 36829 | Spider:1 | Entered Level 1 of the Spider Nest
 37231 | Spider:1 | Reached XP level 16. HP: 25/124 MP: 20/32
 37840 | Spider:1 | Identified the +2 long sword "Negrae" {flame, *Slow rElec
                  | Will+ Int+2}
 39512 | Spider:1 | Received a gift from Nemelex Xobeh
 40605 | Spider:2 | Identified the +7 great mace "Fesei" {vorpal, *Rage rPois
                  | Int+4 Dex+4}
 41239 | Spider:2 | Reached skill level 14 in Dodging
 41854 | Spider:2 | Received a gift from Nemelex Xobeh
 42425 | Spider:2 | Received a gift from Nemelex Xobeh
 43297 | Spider:3 | Received a gift from Nemelex Xobeh
 43919 | Spider:3 | Received a gift from Nemelex Xobeh
 44009 | Spider:3 | Identified a scroll of acquirement
 44406 | D:7      | Killed Taurus's ghost
 44542 | Lair:2   | Found a transporter.
 44654 | Spider:3 | Acquired 962 gold pieces
 44881 | D:12     | Bought the amulet of Jeman {+Inv Regen+ Str+4} for 838 gold
                  | pieces
 45732 | Spider:3 | Reached XP level 17. HP: 107/133 MP: 5/33
 45970 | Spider:4 | Entered Level 4 of the Spider Nest
 46041 | Spider:4 | Noticed Kirke
 46051 | Spider:3 | Learned a level 5 spell: Summon Forest
 46058 | Spider:4 | Noticed a sphinx
 46069 | Spider:4 | Killed Kirke
 46079 | Spider:4 | Reached skill level 10 in Conjurations
 46079 | Spider:4 | Reached skill level 10 in Hexes
 46079 | Spider:4 | Reached skill level 10 in Summonings
 46079 | Spider:4 | Reached skill level 10 in Necromancy
 46079 | Spider:4 | Reached skill level 10 in Translocations
 46079 | Spider:4 | Reached skill level 10 in Transmutations
 46079 | Spider:4 | Reached skill level 10 in Fire Magic
 46079 | Spider:4 | Reached skill level 10 in Air Magic
 46079 | Spider:4 | Reached skill level 10 in Earth Magic
 46079 | Spider:4 | Reached skill level 10 in Poison Magic
 46548 | Spider:4 | Reached skill level 15 in Dodging
 47789 | Spider:4 | Received a gift from Nemelex Xobeh
 48668 | Spider:4 | Noticed Bai Suzhen
 48692 | Spider:4 | Killed Bai Suzhen
 49478 | Spider:4 | Reached XP level 18. HP: 141/141 MP: 0/35
 50138 | Spider:4 | Found the +3 pair of mountain boots {steadfast, rC+}
 50146 | Spider:4 | Got a gossamer rune of Zot
 50482 | Shoals:1 | Entered Level 1 of the Shoals
 50747 | Shoals:1 | Noticed Jorgrun
 50751 | Shoals:1 | Found Ibliq's Weapon Shop.
 50765 | Shoals:1 | Killed from afar by Jorgrun

Illustrated notes

Levels and vault maps discovered:
D:1:      dpeg_arrival_brainrot, layout_basic,
          shapermc_ecumenical_altar_mp_ritualfount
D:2:      layout_rooms, ebering_dispersal_statue_hall, grunt_decor_arrowhead
D:3:      layout_rooms, portal_sewer_entry_f
D:4:      layout_loops_ring, nicolae_gozag_cash_rules_everything_around_me
D:5:      layout_loops_corners
D:6:      layout_loops_ring, minmay_temple_entry_wispy, wad_rectangle_vault
D:7:      layout_loops_ring, ebering_ghost_rock_garden, uniq_duvessa,
          uniq_joseph
D:8:      layout_cave_pools, mainiacjoe_overflow_brackets, erik_lair_island,
          serial_co_window_serial, co_window_of_opportunity_a,
          co_window_corner_a, co_window_paths_a, co_window_corner_a,
          co_window_of_opportunity_a, co_window_unsneaky_path_e,
          co_window_unsneaky_path_a, co_window_unsneaky_path_e,
          co_window_broadway_b, glass_columns_a, glass_columns_c,
          glass_columns_c, glass_columns_a, glass_columns_b, minivault_26,
          nicolae_underground_beach
D:9:      layout_roguey, chequers_serial_rivers_room_a,
          nicolae_transmutations_shop, nicolae_fountain_basement
D:10:     layout_roguey, serial_shops, nicolae_shop_crystal
D:11:     layout_big_octagon
D:12:     layout_long_grid, erik_orc_3, serial_shops, shop_statue,
          nicolae_ru_the_path_less_chosen, uniq_urug
D:13:     layout_cave_pods, david_vaults_1
D:14:     layout_loops_cross, kennysheep_cross_room, uniq_azrael
D:15:     grunt_enter_depths_magical_seal, layout_rooms, chequers_avenue,
          portal_ice_cave_entry_pillars_1, chequers_serial_rivers_small_3,
          serial_bayou_crossing
Lair:1:   layout_loops_ring
Lair:2:   layout_regular_city, minmay_shoals_entry_hut,
          spider_nest_entry_rubble, gammafunk_ghost_hive, serial_bayou_pond_b,
          eino_house_with_fridge, serial_bayou_shore_b,
          infiniplex_staircase_pool_2
Lair:3:   layout_regular_city, uniq_amaemon
Lair:4:   layout_regular_city, minmay_slime_entry_pillars
Lair:5:   cheibrodos_lair_end_hotspot, layout_cave_pods,
          ebering_ghost_inner_flame, eino_small_chamber_without_monster
Shoals:1: layout_shoals, serial_shops,
          nicolae_shop_temple_entry_statues_fountains, uniq_jorgrun
Spider:1: layout_cave_pods, nicolae_spider_bug_shape
Spider:2: layout_chambers
Spider:3: layout_spider_delve
Spider:4: hellmonk_spider_rune_endless_swarm, nicolae_spider_moth_buddies,
          uniq_bai_suzhen, uniq_kirke
Orc:1:    layout_caves
Orc:2:    grunt_orc_cross, layout_caves, uniq_sonja

Skill      XL: |  1  2  3  4  5  6  7  8  9 10 11 12 13 14 15 16 17 |
---------------+----------------------------------------------------+-----
Spellcasting   | 5 6 7 8 9 10 11 12 13 | 13.4
Invocations    | 1 2 3 4 5 6 7 8 10 11 12 13 | 13.6
Fighting       | 1 2 3 4 5 6 7 8 9 10 11 12 | 12.5
Short Blades   | 1 2 3 4 5 6 7 8 9 10 11 12 | 12.5
Long Blades    | 1 2 3 4 5 6 7 8 9 10 11 12 | 12.5
Axes           | 1 2 3 4 5 6 7 8 9 10 11 12 | 12.5
Maces & Flails | 1 2 3 4 5 6 7 8 9 10 11 12 | 12.5
Polearms       | 1 2 3 4 5 6 7 8 9 10 11 12 | 12.5
Staves         | 1 2 3 4 5 6 7 8 9 10 11 12 | 12.5
Ranged Weapons | 1 2 3 4 5 6 7 8 9 10 11 12 | 12.5
Throwing       | 1 2 3 4 5 6 7 8 9 10 11 12 | 12.5
Armour         | 1 2 3 4 5 6 7 8 9 10 11 12 | 12.5
Shields        | 1 2 3 4 5 6 7 8 9 10 11 12 | 12.5
Unarmed Combat | 1 2 3 4 5 6 7 8 9 10 11 12 | 12.5
Evocations     | 1 2 3 4 5 6 7 8 9 10 11 12 | 12.5
Conjurations   | 1 2 3 4 5 6 7 8 9 10 | 10.6
Hexes          | 1 2 3 4 5 6 7 8 9 10 | 10.6
Summonings     | 1 2 3 4 5 6 7 8 9 10 | 10.6
Necromancy     | 1 2 3 4 5 6 7 8 9 10 | 10.6
Translocations | 1 2 3 4 5 6 7 8 9 10 | 10.6
Transmutations | 1 2 3 4 5 6 7 8 9 10 | 10.6
Fire Magic     | 1 2 3 4 5 6 7 8 9 10 | 10.6
Air Magic      | 1 2 3 4 5 6 7 8 9 10 | 10.6
Earth Magic    | 1 2 3 4 5 6 7 8 9 10 | 10.6
Poison Magic   | 1 2 3 4 5 6 7 8 9 10 | 10.6
Dodging        | 5 6 7 8 9 10 12 13 14 15 | 15.8
Stealth        | 5 6 7 8 9 10 11 12 13 | 13.2
Ice Magic      | 8 9 10 11 12 | 12.7

Action                   |  1- 3 |  4- 6 |  7- 9 | 10-12 | 13-15 | 16-18 || total
-------------------------+-------+-------+-------+-------+-------+-------++-------
Melee: Unarmed           |     4 |       |       |       |       |       ||     4
       Dagger            |    51 |    88 |   161 |    22 |    34 |    43 ||   399
       Bite              |    10 |     4 |    31 |    53 |   249 |   140 ||   487
       Punch             |     1 |       |     6 |     1 |       |       ||     8
       Headbutt          |       |       |     9 |    13 |    21 |    21 ||    64
       Kick              |       |       |     9 |    18 |    38 |    44 ||   109
       Whip              |       |       |       |   340 |  1132 |   618 ||  2090
       Scimitar          |       |       |       |       |   177 |    84 ||   261
       Staff             |       |       |       |       |    33 |       ||    33
 Fire: Sling             |    11 |       |       |       |       |       ||    11
       Triple crossbow   |       |       |    15 |    35 |       |       ||    50
       Shortbow          |       |       |       |    18 |       |       ||    18
 Cast: Freeze            |    34 |    26 |    20 |    15 |     7 |    23 ||   125
       Frozen Ramparts   |     2 |    26 |    34 |    57 |    81 |    77 ||   277
       Ozocubu's Armour  |       |    11 |    24 |    61 |   110 |    77 ||   283
       Beastly Appendage |       |       |     4 |     5 |     6 |    11 ||    26
       Wereblood         |       |       |     4 |     4 |     6 |    13 ||    27
       Hailstorm         |       |       |       |    10 |    36 |     6 ||    52
       Dispel Undead     |       |       |       |       |    20 |       ||    20
       Borgnjor's Vile C |       |       |       |       |    39 |    99 ||   138
       Simulacrum        |       |       |       |       |    29 |    11 ||    40
       Freezing Cloud    |       |       |       |       |     6 |    22 ||    28
       Mephitic Cloud    |       |       |       |       |     5 |     3 ||     8
       Summon Forest     |       |       |       |       |       |    29 ||    29
Invok: Draw Escape       |       |     2 |       |       |     6 |     3 ||    11
       Draw Destruction  |       |     1 |    12 |    14 |    35 |    18 ||    80
       Draw Summoning    |       |       |     1 |     8 |    18 |    16 ||    43
       Triple Draw       |       |       |       |     3 |     2 |       ||     5
       Deal Four         |       |       |       |     3 |     2 |       ||     5
       Draw Stack        |       |       |       |       |     5 |       ||     5
       Stack Five        |       |       |       |       |     1 |       ||     1
Evoke: Wand              |       |       |     3 |     7 |    10 |     7 ||    27
       Phantom mirror    |       |       |       |       |     1 |       ||     1
  Use: Scroll            |     3 |     6 |     7 |     5 |    14 |    15 ||    50
       Potion            |       |     3 |       |     1 |    10 |    14 ||    28
 Stab: Sleeping          |     7 |     7 |     4 |     2 |     9 |     7 ||    36
       Petrified         |       |       |       |       |     3 |     1 ||     4
       Distracted        |       |       |       |       |     3 |     9 ||    12
       Confused          |       |       |       |       |     1 |     2 ||     3
Armor: Robe              |    15 |    40 |     3 |       |     2 |     2 ||    62
       Leather armour    |       |       |    33 |       |       |       ||    33
       Ring mail         |       |       |    24 |    92 |     2 |       ||   118
       Troll leather arm |       |       |       |       |   237 |   308 ||   545
       Fire dragon scale |       |       |       |       |    66 |       ||    66
       Skin              |       |       |       |       |    22 |       ||    22
Dodge: Dodged            |    67 |   103 |   240 |   227 |   797 |   608 ||  2042
Block: Buckler           |       |       |       |    51 |   398 |   287 ||   736
